 Dungeon Crawl Stone Soup version 0.27-a0-1359-ga2a4dfd6fd (webtiles) character file.

Game seed: 6140992214042084348

2 dinky3 the Sneak (level 1, -4/10 (11) HPs)
             Began as a Spriggan Delver on June 28, 2021.
             Slain by a wight (5 damage)
             ... on level 4 of the Dungeon.
             The game lasted 00:00:38 (104 turns).

dinky3 the Sneak (Spriggan Delver)                   Turns: 104, Time: 00:00:39

HP:   -4/10 (11)    AC:  2    Str:  8    XL:     1   Next: 25%
MP:   2/2           EV: 17    Int: 11    God:
Gold: 0             SH:  0    Dex: 16    Spells: 0/0 levels left

rFire    . . .     SeeInvis +   a - +0 short sword
rCold    . . .     Faith    .   (shield restricted)
rNeg     . . .     Spirit   .   b - +0 robe
rPois    .         Reflect  .   (helmet restricted)
rElec    .         Harm     .   (no cloak)
rCorr    .         Rampage  .   (gloves unavailable)
Will     .....                  (boots unavailable)
Stlth    ++++......             (no amulet)
HPRegen  0.03/turn              (no ring)
MPRegen  0.08/turn              (no ring)

@: hasted, drained, very quick
A: very small, no large weapons, unfitting armour, see invisible, speed 3
a: no special abilities


You were on level 4 of the Dungeon.
You visited 1 branch of the dungeon, and saw 2 of its levels.

Inventory:

Hand Weapons
 a - a +0 short sword (weapon)
Armour
 b - a +0 robe (worn)
Wands
 g - a wand of digging (3)
Scrolls
 c - a scroll of fog


   Skills:
 + Level 2.4 Fighting
 + Level 2.2 Short Blades
 + Level 2.7 Dodging
 + Level 7.2 Stealth


You couldn't memorise any spells.
You didn't know any spells.
Your spell library was empty.

Dungeon Overview and Level Annotations

Branches:
Dungeon (5/15)
 Temple: D:4-7

Altars:


Innate Abilities, Weirdness & Mutations

You are very small and have problems with some larger weapons.
You are too small for most types of armour.
You have supernaturally acute eyesight. (SInv)
You cover ground extremely quickly. (Speed+++)


Message History

The kobold shouts!
Found a sedimented sapphire potion and 17 gold pieces.
You see here a sedimented sapphire potion.
It was a potion of heal wounds.
You feel much better.
You open the door.
There is an open door here.
You close the door. 2 wights come into view.
A wight is wielding a +2 short sword of freezing.
There are monsters nearby!
There are monsters nearby!
You open the door. You barely miss the kobold. The kobold misses you.
You hit the kobold but do no damage. The kobold misses you.
You closely miss the kobold. The kobold barely misses you.
You closely miss the kobold. The kobold barely misses you.
You closely miss the kobold. The kobold closely misses you.
You closely miss the kobold. The wight barely misses you.
The kobold closely misses you.
Press: ? - help, v - describe, . - travel
Here: a wight, wielding a +2 short sword of freezing and wearing a +0 robe The floor.
You feel yourself speed up. The wight misses you. The kobold barely misses you.
You barely miss the kobold. You hit the kobold.
You kill the kobold!
The wight barely misses you.
There is an open door here.
Things that are here:
a +0 whip; a kobold corpse A wight comes into view.
It is wielding a +3 short sword. 2 wights come into view.
The wight hits you with a +2 short sword of freezing!
Ouch! That really hurt!
* * * LOW HITPOINT WARNING * * *
You feel drained.
* * * LOW HITPOINT WARNING * * *
The wight freezes you.
Ouch! That really hurt!
You die...

# #.# #.##..###.
#.##.######.##..#
#.
#.#........(##..#
#.
#...........##..#
#.
###..#....#.##...
#. #..'....#.###.#
## ##.#....#.# ...
#########......#.#
#.......@.....##$#
#.......z.....+ .#
#.............#
#.....######)####
#...z. #.# #...z.
#.# ####.z #.# #..
#.# #..z......#


You could see 2 wights.

Vanquished Creatures
  A kobold (D:4)
  A ball python (D:4)
2 creatures vanquished.

Vanquished Creatures (others)
  A plant (D:4)
1 creature vanquished.

Grand Total: 3 creatures vanquished

Notes
Turn   | Place    | Note
-------+----------+-------------------------------------------
     0 | D:5      | dinky3 the Spriggan Delver began the quest for the Orb.
     0 | D:5      | Reached XP level 1. HP: 11/11 MP: 2/2
    80 | D:4      | Noticed a wight
    80 | D:4      | Noticed a wight
    99 | D:4      | Noticed a wight
   100 | D:4      | Noticed a wight
   100 | D:4      | Noticed a wight
   104 | D:4      | Slain by a wight

Illustrated notes

Levels and vault maps discovered:
D:4:      kennysheep_kobold_camp, layout_basic, temple_doors_ab,
          kennysheep_generic_room_8
D:5:      minmay_chambers_of_fours, layout_loops_ring, general_overflow_altar

Action                   || total
-------------------------++-------
Melee: Short sword       ||    18
  Use: Scroll            ||     2
       Potion            ||     2
 Stab: Sleeping          ||     1
Armor: Robe              ||     1
Dodge: Dodged            ||    21

Table legend: (Time is in decaauts)
 A = Elapsed time spent in this place.
 B = Non-inter-level travel time spent in this place.
 C = Inter-level travel time spent in this place.
 D = Time resting spent in this place.
 E = Time spent auto-exploring this place.
 F = Levels seen in this place.
 G = Mean time per level.
                   A        B        C        D        E       F      G
               +--------+--------+--------+--------+--------+-----+--------+
         Total |     70 |     58 |     12 |      0 |      0 |   2 |   35.0 |
       Dungeon |     70 |     58 |     12 |      0 |      0 |   2 |   35.0 |
               +--------+--------+--------+--------+--------+-----+--------+

Top non-repeatable levels by time:
     D:4: 55 daAuts
     D:5: 14 daAuts
